 Dungeon Crawl Stone Soup version 0.29.0-15-g675c0067aa (webtiles) character file.

Game seed: 6120713336710544942

66 xian the Scratcher (level 3, 0/15 HPs)
             Began as a Felid Transmuter on Sept 11, 2022.
             Hit by a stone thrown by a hobgoblin (3 damage)
             ... on level 2 of the Dungeon.
             The game lasted 00:03:08 (1398 turns).

xian the Scratcher (Felid Transmuter)               Turns: 1398, Time: 00:03:09

Health: 0/15       AC:  1    Str:  6    XL:     3   Next: 96%
Magic:  6/7        EV: 17    Int: 16    God:
Gold:   87         SH:  0    Dex: 16    Spells: 1/7 levels left
                                        Lives:  0   Deaths: 0

rFire   . . .      SeeInvis +     - Unarmed
rCold   . . .      Faith    .   (shield unavailable)
rNeg    . . .      Spirit   .   (body armour unavailable)
rPois   .          Reflect  .   (helmet unavailable)
rElec   .          Harm     .   (cloak unavailable)
rCorr   .          Rampage  .   (gloves unavailable)
Will    .....                   (boots unavailable)
Stlth   ++........              (no amulet)
HPRegen 0.05/turn               (no ring)
MPRegen 0.10/turn               (no ring)

@: appendages, quick
A: horns 2, very small, claws 1, fangs 3, see invisible, speed 1, shaggy fur 1,
stealthy paws, no weapons or thrown items, no armour, multi-lived
a: End Transformation


You were on level 2 of the Dungeon.
You had temporarily grown beastly horns.
You visited 1 branch of the dungeon, and saw 2 of its levels.

You collected 87 gold pieces.

Inventory:

Scrolls
 e - a scroll of vulnerability {unknown}
 f - a scroll of fog {unknown}
 g - a scroll of enchant weapon {unknown}
 h - 5 scrolls of identify {unknown}
 i - a scroll of teleportation {unknown}
 j - a scroll of amnesia {unknown}
 k - a scroll of summoning {unknown}
Potions
 a - 2 potions of lignification
 b - a potion of degeneration {unknown}
 c - a potion of brilliance {unknown}
 d - a potion of curing {unknown}
 l - a potion of heal wounds {unknown}


   Skills:
 + Level 1.0 Fighting
 + Level 3.1 Dodging
 + Level 0.6 Stealth
 + Level 3.9 Unarmed Combat
 + Level 2.5 Spellcasting
 + Level 2.7 Transmutations


You had one spell level left.
You knew the following spells:

 Your Spells              Type           Power      Damage    Failure   Level
a - Beastly Appendage     Tmut           20%        N/A       6%          1
b - Wereblood             Tmut           10%        N/A       10%         2
c - Spider Form           Tmut/Pois      6%         N/A       34%         3

Your spell library contained the following spells:

 Spells                   Type           Power      Damage    Failure   Level
 Frozen Ramparts          Ice            4%         1d1       52%         3
 Ice Form                 Ice/Tmut       6%         N/A       75%         4
 Summon Ice Beast         Ice/Summ       2%         N/A       89%         4


Dungeon Overview and Level Annotations

Branches:
Dungeon (2/15)

Altars:


Innate Abilities, Weirdness & Mutations

You have temporarily grown beastly horns.
You have sharp claws.
You have razor-sharp teeth.
You have supernaturally acute eyesight. (SInv)
You cover ground quickly. (Speed+)
You are covered in fur. (AC +1)
Your paws help you pounce on unaware monsters.
You are incapable of wielding weapons or throwing items.
You cannot wear armour.
You gain extra lives every three experience levels.


Message History

Your horns disappear.
You see here a worm corpse.
You barely miss the bat. The bat hits you but does no damage. The bat hits you.
The bat closely misses you.
You claw the bat!
You kill the bat!
A giant cockroach comes into view.
A giant cockroach is nearby!
A bat comes into view.
You are too injured to fight recklessly!
Casting: Beastly Appendage (safe; 6% risk of failure)
Confirm with . or Enter, or press ? or * to list all spells.
You grow a pair of large bovine horns.
The bat barely misses you. The bat misses you.
You barely miss the bat. Your headbutt misses the bat. The bat hits you.
The bat misses you.
You closely miss the bat. The bat closely misses you.
You scratch the giant cockroach.
You headbutt the giant cockroach, but do no damage.
The giant cockroach is severely wounded.
The bat misses you. The giant cockroach closely misses you.
You scratch the giant cockroach but do no damage.
The giant cockroach is severely wounded.
The bat closely misses you. The giant cockroach bites you.
* * * LOW HITPOINT WARNING * * *
A hobgoblin comes into view.
The hobgoblin shouts!
You scratch the giant cockroach.
You kill the giant cockroach!
You hear an angry hiss. x2
The bat misses you.
A ball python comes into view.
The hobgoblin throws a stone.
The stone hits you.
* * * LOW HITPOINT WARNING * * *
The bat misses you.
You closely miss the bat. You headbutt the bat.
You kill the bat!
The hobgoblin throws a stone.
The stone hits you.
You die...

#######
##.....##
##.......##
#.........# ..
#.........#
.g##.........#
.S...........#
#....@.....#
#....†....##
##.........#
#.........#
#.......>.#
#.........#
#......†..#
####
##.......##
#.( ##...†.##


You could see a hobgoblin and a ball python.

Vanquished Creatures
  Jessica (D:2)
  An adder (D:2)
  A worm (D:2)
  A ball python (D:2)
  3 endoplasms (D:1)
  A giant cockroach (D:2)
  A goblin (D:2)
  5 hobgoblins
  5 bats
  2 frilled lizards (D:1)
  5 kobolds
  4 rats
30 creatures vanquished.

Notes
Turn   | Place    | Note
-------+----------+-------------------------------------------
     0 | D:1      | xian the Felid Transmuter began the quest for the Orb.
     0 | D:1      | Reached XP level 1. HP: 9/9 MP: 4/4
   475 | D:1      | Reached XP level 2. HP: 12/12 MP: 6/6
   494 | D:1      | Learned a level 2 spell: Wereblood
   778 | D:2      | Reached XP level 3. HP: 8/15 MP: 4/7
   925 | D:2      | Noticed Jessica
   944 | D:2      | Killed Jessica
  1277 | D:2      | Learned a level 3 spell: Spider Form
  1398 | D:2      | Hit by a stone thrown by a hobgoblin

Illustrated notes

Levels and vault maps discovered:
D:1:      beargit_arrival_greenhouse, layout_basic
D:2:      layout_rooms, grunt_decor_resistance, uniq_jessica

Skill      XL: |  1  2 |
---------------+-------+-----
Dodging        | 3 |  3.1
Fighting       | |  1.0
Stealth        | |  0.6
Unarmed Combat | |  3.9
Spellcasting   | |  2.5
Transmutations | |  2.7

Action                   || total
-------------------------++-------
Melee: Unarmed           ||    72
       Headbutt          ||    11
       Bite              ||     4
       Punch             ||     3
 Cast: Beastly Appendage ||    13
       Wereblood         ||     3
 Stab: Sleeping          ||     2
Armor: Skin              ||     5
Dodge: Dodged            ||    79
